 Dungeon Crawl Stone Soup version 0.27-a0-577-ge2a43ba0c9 (webtiles) character file.

Game seed: 6653360317557307766

12432 srzhan31 the Destroyer (level 11, 0/84 HPs)
             Began as a Demigod Conjurer on Mar 9, 2021.
             Shot with an arrow by a centaur (10 damage)
             ... on level 2 of the Orcish Mines on Mar 10, 2021.
             The game lasted 00:47:14 (13472 turns).

srzhan31 the Destroyer (Demigod Conjurer)          Turns: 13472, Time: 00:47:15

Health: 0/84       AC: 13    Str: 17    XL:     11   Next: 36%
Magic:  2/25       EV: 27    Int: 34    God:
Gold:   67         SH:  0    Dex: 16    Spells: 15/23 levels left

rFire    + . .     SeeInvis .   a - +0 shortbow
rCold    . . .     Faith    .   (shield currently unavailable)
rNeg     . . .     Spirit   .   L - +1 scale mail of Oblivion {Will+ Regen+ rCorr Str+7}
rPois    .         Reflect  .   H - +1 helmet
rElec    .         Harm     .   l - +0 cloak
rCorr    +         Rampage  .   k - +0 pair of gloves
Will     +++..                  (no boots)
Stlth    +.........             z - amulet of the acrobat
HPRegen  1.24/turn              t - ring "Uqalaq" {rF+ Will+ Str+2 Int+6}
MPRegen  0.19/turn              G - ring of wizardry

@: acrobatic, studying Bows
A: high mp 1, forlorn
a: no special abilities


You were on level 2 of the Orcish Mines.
You visited 2 branches of the dungeon, and saw 12 of its levels.

You collected 1301 gold pieces.
You spent 1234 gold pieces at shops.

Inventory:

Hand Weapons
 a - a +0 shortbow (weapon)
 i - a +1 hunting sling of freezing
 q - a +3 long sword
Missiles
 o - 513 stones
 p - 100 sling bullets
 r - 184 arrows (quivered ammo)
Armour
 h - +0 swamp dragon scales
 k - a +0 pair of gloves (worn)
 l - a +0 cloak (worn)
 H - a +1 helmet (worn)
 L - the +1 scale mail of Oblivion (worn) {Will+ Regen+ rCorr Str+7}
   (You took it off a wight on level 7 of the Dungeon)

   It affects your strength (+7).
   It affects your willpower, your defense against some magical effects.
   It increases your rate of regeneration.
   It provides partial protection from all sources of acid and corrosion.
Jewellery
 n - a ring of protection from cold
 t - the ring "Uqalaq" (left hand) {rF+ Will+ Str+2 Int+6}
   (You bought it in a shop on level 2 of the Orcish Mines)

   [ring of intelligence]

   It affects your strength (+2).
   It affects your intelligence (+6).
   It protects you from fire.
   It affects your willpower, your defense against some magical effects.
 z - an amulet of the acrobat (around neck)
 C - a +6 ring of strength
 G - a ring of wizardry (right hand)
Wands
 D - a wand of polymorph (8)
 I - a wand of random effects (18)
Scrolls
 b - 2 scrolls of identify
 c - 4 scrolls of magic mapping
 d - 2 scrolls of amnesia {unknown}
 f - 3 scrolls of fog
 g - 6 scrolls of enchant weapon
 j - 4 scrolls of teleportation
 m - 2 scrolls of enchant armour {unknown}
 w - 2 scrolls of blinking {unknown}
 E - a scroll of fear {unknown}
 J - 2 scrolls of immolation {unknown}
 K - a scroll of acquirement {unknown}
Potions
 e - a potion of resistance {unknown}
 s - 2 potions of curing
 u - 2 potions of berserk rage {unknown}
 v - a potion of might {unknown}
 x - 2 potions of cancellation {unknown}
 A - 2 potions of brilliance {unknown}
 F - 3 potions of heal wounds
Miscellaneous
 y - a phantom mirror


   Skills:
 * Level 4.3 Fighting
 - Level 4.3 Slings
 * Level 5.8 Bows
 * Level 5.5 Armour
 * Level 5.3 Dodging
 - Level 2.5 Stealth
 * Level 4.5 Shields
 * Level 6.6 Spellcasting
 * Level 8.5 Conjurations
 * Level 3.7 Hexes
 * Level 3.8 Translocations
 + Level 1.1 Air Magic
 * Level 2.4 Poison Magic
 - Level 2.0 Evocations


You had 15 spell levels left.
You knew the following spells:

 Your Spells              Type           Power      Damage    Failure   Level
a - Magic Dart            Conj           100%       1d8       1%          1
b - Searing Ray           Conj           100%       3d7       1%          2
c - Blink                 Tloc           N/A        N/A       1%          2
d - Mephitic Cloud        Conj/Pois/Air  38%        N/A       2%          3

Your spell library contained the following spells:

 Spells                   Type           Power      Damage    Failure   Level
 Corona                   Hex            40%        N/A       1%          1
 Slow                     Hex            36%        N/A       1%          2
 Dazzling Flash           Conj/Hex       100%       N/A       1%          3
 Sting                    Tmut/Pois      76%        1d6       2%          1
 Conjure Flame            Conj/Fire      40%        6-21      2%          3
 Gell's Gravitas          Tloc           18%        N/A       2%          3
 Ensorcelled Hibernation  Hex/Ice        48%        N/A       3%          2
 Poisonous Vapours        Pois/Air       46%        N/A       3%          2
 Confusing Touch          Hex            36%        N/A       3%          3
 Tukima's Dance           Hex            36%        N/A       3%          3
 Iskenderun's Mystic Bla  Conj/Tloc      52%        2d11      3%          4
 Fulminant Prism          Conj/Hex       26%        3d14      4%          4
 Call Imp                 Summ           11%        N/A       7%          2
 Ignite Poison            Fire/Tmut/Pois 16%        N/A       11%         3
 Cause Fear               Hex            18%        N/A       11%         4
 Olgreb's Toxic Radiance  Pois           27%        N/A       17%         4
 Petrify                  Tmut/Erth      11%        N/A       41%         4
 Silence                  Hex/Air        13%        N/A       41%         5
 Metabolic Englaciation   Hex/Ice        12%        N/A       50%         5
 Yara's Violent Unravell  Hex/Tmut       12%        3d7       50%         5
 Discord                  Hex            18%        N/A       100%        8


Dungeon Overview and Level Annotations

Branches:
Dungeon (10/15)            Temple (0/1) D:6             Orc (2/2) D:10
    Elf (0/3) Orc:2
   Lair: D:8-11

Shops:
D:4 *   D:7 *   D:8 *   Orc:2 =

Annotations:
D:8 3 runed translucent doors, hgbash's ghost, novice GrEE


Innate Abilities, Weirdness & Mutations

Your attributes grow dramatically as you level up.
You have an increased reservoir of magic. (+10% MP)
You shall have no god before yourself.


Message History

The searing ray hits the orc knight!
The orc knight is lightly wounded.
The orc knight shoots a bolt.
The bolt completely misses you.
The searing ray hits the orc knight!
The orc knight is moderately wounded.
You finish channeling your searing ray.
Casting: Searing Ray (safe; 1% risk of failure)
Confirm with . or Enter, or press ? or * to list all spells.
Aiming: Searing Ray (safe; 1% risk of failure)
Press: ? - help, Shift-Dir - straight line, f - orc knight
Aim: an orc knight, wielding a +0 arbalest and quivering bolts (moderately wounded, 24% to evade)
The searing ray hits the orc knight!
The orc knight is heavily wounded. (Press . to maintain the ray.)
The orc knight shoots a bolt.
The bolt hits you!
Without enough magic to sustain it, your searing ray dissipates.
The orc knight shoots a bolt.
The bolt hits you.
The orc knight shoots a bolt.
The bolt hits you!
Fire: 186 arrows
Press: ? - help, Q - select action, (/) - cycle Shift-Dir - straight line, f/p - orc knight
Aim: an orc knight, wielding a +0 arbalest and quivering bolts (heavily wounded, 54% to hit)
You shoot an arrow. The arrow misses the orc knight.
Unknown command.
Fire: 185 arrows
Press: ? - help, Q - select action, (/) - cycle Shift-Dir - straight line, f/p - orc knight
Aim: an orc knight, wielding a +0 arbalest and quivering bolts (heavily wounded, 54% to hit)
You shoot an arrow. The arrow barely misses the orc knight.
The orc knight shoots a bolt.
The bolt hits you!
The orc knight shoots a bolt.
The bolt hits you!!
* * * LOW HITPOINT WARNING * * *
The orc knight shoots a bolt.
The bolt hits you!
* * * LOW HITPOINT WARNING * * *
The orc knight shoots a bolt.
The bolt completely misses you.
A centaur comes into view.
The centaur wields a +0 shortbow.
The centaur shoots an arrow.
The arrow completely misses you.
The centaur shoots an arrow.
The arrow completely misses you.
The centaur shoots an arrow.
The arrow closely misses you.
The centaur shoots an arrow.
The arrow hits you!
You die...

..........#..............#.#
.........##...)....).....#.###
.##...^).....)o.....)))......#
##.................##.......####
###..............####...>......##
##...##........### #...........#
###.##.........### ####..........
#####).........#.###..#.........#
..#...)........#@.#.......)).....
.##....)<.........#....).)).))..#
........).......)......).).##.###
).....)..............)).###.###
)............)..........#####
.........##........c.....#
.........###.#.......#####
..∩....#####.#.......##.#
.......# #..))........##


You could see a centaur.

Vanquished Creatures
  2 two-headed ogres
  An orc high priest (Orc:2)
  An orc knight (Orc:2)
  2 orc sorcerers (Orc:2)
  A cyclops (D:10)
  Maggie (D:8)
  2 centaur skeletons (D:9)
  24 orc warriors
  4 sky beasts
  2 black bears
  2 ice beasts
  14 ogres
  A swamp drake (D:10)
  A necrophage (D:9)
  9 centaurs
  2 phantoms
  4 kobold brigands
  4 bullfrogs
  A water moccasin zombie (D:7)
  3 scorpions
  5 killer bees
  A water moccasin skeleton (D:4)
  13 wights
  5 howler monkeys
  A bullfrog zombie (D:5)
  A centaur zombie (D:7)
  A quasit (D:6)
  5 bullfrog skeletons
  3 hounds
  5 orc priests
  2 iguanas
  5 worker ants
  17 orc wizards
  3 gnolls (D:8)
  11 adders
  3 shadow imps
  2 white imps
  An ufetubus (D:5)
  An ooze (D:2)
  An adder zombie (D:7)
  3 worms
  2 dart slugs
  4 leopard geckos
  60 orcs
  3 ball pythons
  3 giant cockroaches
  8 goblins
  4 hobgoblins
  2 jackals (D:5)
  4 quokkas
  5 bats
  6 frilled lizards
  21 kobolds
  A leopard gecko skeleton (D:3)
  A leopard gecko zombie (D:7)
  A quokka zombie (D:4)
  5 rats
  A spectral orc (D:8)
301 creatures vanquished.

Vanquished Creatures (others)
  29 plants
29 creatures vanquished.

Grand Total: 330 creatures vanquished

Notes
Turn   | Place    | Note
-------+----------+-------------------------------------------
     0 | D:1      | srzhan31 the Demigod Conjurer began the quest for the Orb.
     0 | D:1      | Reached XP level 1. HP: 14/14 MP: 5/5
   580 | D:1      | Reached XP level 2. HP: 20/20 MP: 2/7
   583 | D:1      | Learned a level 2 spell: Searing Ray
   884 | D:2      | Reached skill level 4 in Conjurations
  1120 | D:2      | Reached XP level 3. HP: 6/26 MP: 0/8
  1488 | D:2      | Noticed a phantom
  1493 | D:2      | Killed a phantom
  1494 | D:2      | Reached XP level 4. HP: 33/33 MP: 3/10
  2097 | D:2      | Noticed an ogre
  2105 | D:2      | Killed an ogre
  2106 | D:2      | Reached skill level 5 in Conjurations
  2106 | D:2      | Reached XP level 5. HP: 38/38 MP: 3/12
  2505 | D:3      | Noticed an orc warrior
  2520 | D:3      | Killed an orc warrior
  2521 | D:3      | Reached XP level 6. HP: 19/45 MP: 3/13
  3446 | D:4      | Reached skill level 6 in Conjurations
  3528 | D:4      | Reached skill level 1 in Slings
  3690 | D:4      | Reached skill level 1 in Armour
  3797 | D:4      | Reached skill level 1 in Fighting
  3797 | D:4      | Reached skill level 1 in Shields
  3797 | D:4      | Reached XP level 7. HP: 52/52 MP: 9/15
  4018 | D:4      | Found Xuobely's Assorted Antiques.
  4638 | D:5      | Entered Level 5 of the Dungeon
  5938 | D:6      | Reached XP level 8. HP: 61/61 MP: 11/16
  6177 | D:6      | Found a staircase to the Ecumenical Temple.
  6683 | D:7      | Found Alimp's General Store.
  6970 | D:7      | Reached skill level 1 in Translocations
  7085 | D:7      | Reached skill level 1 in Hexes
  7359 | D:7      | Identified the +1 scale mail of Oblivion {Will+ Regen+
                  | rCorr Str+7}
  7799 | D:7      | Reached XP level 9. HP: 68/68 MP: 16/19
  7934 | D:7      | Reached skill level 1 in Bows
  8019 | D:7      | Noticed a two-headed ogre
  8226 | D:7      | Killed a two-headed ogre
  8227 | D:7      | Reached skill level 7 in Conjurations
  8615 | D:8      | Noticed Maggie
  8631 | D:8      | Reached skill level 5 in Spellcasting
  8637 | D:8      | Killed Maggie
  8915 | D:8      | Found Wycusisu's General Store.
  9018 | D:8      | Found a runed translucent gate.
  9018 | D:8      | Found a runed translucent gate.
  9018 | D:8      | Found a runed translucent gate.
  9028 | D:8      | Noticed hgbash's ghost (novice GrEE)
  9322 | D:8      | Reached skill level 1 in Evocations
  9783 | D:9      | Reached XP level 10. HP: 77/77 MP: 11/21
 10154 | D:9      | Learned a level 2 spell: Blink
 10370 | D:9      | Reached skill level 1 in Poison Magic
 10898 | D:10     | Entered Level 10 of the Dungeon
 11158 | D:10     | Found a staircase to the Orcish Mines.
 11347 | D:10     | Noticed a two-headed ogre
 11352 | D:10     | Killed a two-headed ogre
 11353 | D:10     | Reached skill level 8 in Conjurations
 11790 | D:10     | Noticed a cyclops
 11796 | D:10     | Killed a cyclops
 12040 | Orc:1    | Entered Level 1 of the Orcish Mines
 12264 | Orc:2    | Entered Level 2 of the Orcish Mines
 12264 | Orc:2    | Noticed an orc sorcerer
 12265 | Orc:2    | Noticed an orc knight
 12268 | Orc:2    | Killed an orc sorcerer
 12269 | Orc:2    | Reached skill level 5 in Dodging
 12283 | Orc:2    | Killed an orc knight
 12284 | Orc:2    | Reached skill level 5 in Bows
 12441 | Orc:2    | Reached XP level 11. HP: 76/83 MP: 20/24
 12450 | Orc:2    | Learned a level 3 spell: Mephitic Cloud
 12467 | Orc:2    | Found a staircase to the Elven Halls.
 12495 | Orc:2    | Reached skill level 5 in Armour
 12717 | Orc:2    | Found Yvushrah's Jewellery Shoppe.
 12753 | Orc:2    | Noticed an orc high priest
 12759 | Orc:2    | Noticed a sun demon
 12760 | Orc:2    | Killed an orc high priest
 13035 | Orc:2    | Bought the ring "Uqalaq" {rF+ Will+ Str+2 Int+6} for 1234
                  | gold pieces
 13433 | Orc:2    | Noticed an orc knight
 13456 | Orc:2    | Reached skill level 1 in Air Magic
 13467 | Orc:2    | HP: 4/84 [orc knight/bolt (16)]
 13472 | Orc:2    | Shot with an arrow by a centaur

Illustrated notes

Levels and vault maps discovered:
D:1:      minmay_arrival_doors, layout_rooms, grunt_decor_clamped
D:2:      layout_basic
D:3:      layout_basic, chequers_ecumenical_altar_lobes
D:4:      layout_basic, nicolae_ru_great_annihilating_truth,
          nicolae_overflow_crystal_walls, serial_shops,
          nicolae_shop_statue_plus, minmay_quadrilaterals
D:5:      layout_basic, basic_altar
D:6:      layout_basic, minmay_temple_entry_junction,
          hangedman_abyss_or_decor_stabs, minmay_manual_mandibuliform
D:7:      minmay_the_grid_plus_closed [minmay_the_grid_x,
          minmay_the_grid_gridbox, minmay_the_grid_plusring,
          minmay_the_grid_paths, minmay_the_grid_prize_big_room],
          layout_cave_pools, xom_butterflies, cheibrodos_worm_habitat,
          serial_shops, nicolae_shop_stone
D:8:      layout_loops_ring, yredelemnul_forgotten_temple_becter,
          gammafunk_ghost_ooze, serial_shops, nicolae_shop_statue_plus,
          uniq_maggie
D:9:      layout_loops_ring, grunt_dithmenos_smoke_and_mirrors,
          serial_bayou_pond_c, st_stairs_7
D:10:     layout_roguey, erik_orc_1
Orc:1:    layout_caves, basic_altar
Orc:2:    st_orc_rangers, layout_diamond_mine, serial_shops, shop, basic_altar

Skill      XL: |  1  2  3  4  5  6  7  8  9 10 11 |
---------------+----------------------------------+-----
Spellcasting   | 2 3 4 5 6 |  6.6
Stealth        | 2 |  2.5
Conjurations   | 4 5 6 7 8 |  8.5
Dodging        | 2 3 4 5 |  5.3
Slings         | 1 3 4 |  4.3
Armour         | 1 2 3 4 5 |  5.5
Fighting       | 1 2 3 4 |  4.3
Shields        | 1 2 3 4 |  4.5
Translocations | 1 3 |  3.8
Hexes          | 1 2 3 |  3.7
Bows           | 3 5 |  5.8
Evocations     | 1 2 |  2.0
Poison Magic   | 2 |  2.4
Air Magic      | 1 |  1.1

Action                   |  1- 3 |  4- 6 |  7- 9 | 10-12 || total
-------------------------+-------+-------+-------+-------++-------
Melee: Unarmed           |       |     1 |       |       ||     1
       Hunting sling     |       |       |     1 |       ||     1
       Shortbow          |       |       |       |     1 ||     1
 Fire: Hunting sling     |       |    44 |    20 |       ||    64
       Shortbow          |       |       |    28 |    43 ||    71
 Cast: Magic Dart        |    36 |     5 |       |       ||    41
       Searing Ray       |     5 |    26 |    77 |    92 ||   200
       Mephitic Cloud    |       |       |       |     3 ||     3
  Use: Scroll            |       |     1 |     6 |     7 ||    14
Armor: Robe              |       |     5 |     3 |       ||     8
       Scale mail        |       |       |    13 |    41 ||    54
Dodge: Dodged            |     3 |    15 |    76 |   136 ||   230

Table legend: (Time is in decaauts)
 A = Elapsed time spent in this place.
 B = Non-inter-level travel time spent in this place.
 C = Inter-level travel time spent in this place.
 D = Time resting spent in this place.
 E = Time spent auto-exploring this place.
 F = Levels seen in this place.
 G = Mean time per level.
                   A        B        C        D        E       F      G
               +--------+--------+--------+--------+--------+-----+--------+
         Total |  13522 |  13163 |    359 |      0 |  10376 |  12 | 1126.8 |
       Dungeon |  12089 |  11730 |    359 |      0 |   9703 |  10 | 1208.9 |
  Orcish Mines |   1432 |   1432 |      0 |      0 |    673 |   2 |  716.0 |
               +--------+--------+--------+--------+--------+-----+--------+

Top non-repeatable levels by time:
     D:7: 1787 daAuts
     D:2: 1740 daAuts
     D:4: 1334 daAuts
     D:9: 1301 daAuts
     D:6: 1164 daAuts
    D:10: 1142 daAuts
     D:5: 1136 daAuts
   Orc:2: 1074 daAuts
     D:8: 912 daAuts
     D:3: 839 daAuts
     D:1: 730 daAuts
   Orc:1: 358 daAuts
